 Dungeon Crawl Stone Soup version 0.25.0-9-g26727b657a (webtiles) character file.

Game seed: 2118613201367598521

16 Revguard the Sneak (level 2, 0/23 HPs)
             Began as a Formicid Assassin on June 17, 2020.
             Slain by a hobgoblin
             ... wielding a +0 club
              (1 damage)
             ... on level 1 of the Dungeon.
             The game lasted 00:00:59 (172 turns).

Revguard the Sneak (Formicid Assassin)               Turns: 172, Time: 00:01:00

Health: 0/23       AC:  3    Str: 15    XL:     2   Next: 70%
Magic:  2/2        EV: 11    Int: 10    God:
Gold:   0          SH:  0    Dex: 12    Spells: 1/1 levels left

rFire    . . .     SeeInvis +   a - +2 dagger
rCold    . . .     Gourm    .   (no shield)
rNeg     . . .     Faith    .   b - +0 robe
rPois    .         Spirit   .   (helmet unavailable)
rElec    .         Reflect  .   c - +0 cloak
rCorr    .         Harm     .   (no gloves)
MR       .....                  (no boots)
Stlth    +++.......             (no amulet)
HPRegen  0.07/turn              (no ring)
MPRegen  0.08/turn              (no ring)

@: no status effects
A: permanent stasis, dig shafts and tunnels, four strong arms, antennae 3
a: Dig, Shaft Self


You were on level 1 of the Dungeon.
You were not hungry.

You visited 1 branch of the dungeon, and saw 1 of its levels.

Inventory:

Hand Weapons
 a - a +2 dagger (weapon)
Missiles
 d - 8 poisoned darts (quivered)
Armour
 b - a +0 robe (worn)
 c - a +0 cloak (worn)
Scrolls
 g - a scroll of magic mapping {unknown}
Comestibles
 f - a ration
 h - 8 chunks of flesh


   Skills:
 + Level 2.3 Fighting
 + Level 2.0 Short Blades
 + Level 2.1 Throwing
 + Level 0.9 Dodging
 + Level 5.4 Stealth


You had one spell level left.
You didn't know any spells.
Your spell library was empty.

Dungeon Overview and Level Annotations

Branches:
Dungeon (1/15)

Altars:


Innate Abilities, Weirdness & Mutations

You cannot be hasted, slowed, berserked, paralysed or teleported.
You can dig through walls and to a lower floor.
Your four strong arms can wield two-handed weapons with a shield.
You have a pair of large antennae on your head. (SInv)


Message History

Aim: a kobold, wielding a +0 short sword
Okay, then.
Quiver which item? (- for none, * to show all) (? for menu, Esc to quit)
Quivering
e - 2 curare-tipped darts for throwing.
Throwing (i - inventory. (/) - cycle)
e - 2 curare-tipped darts (quivered)
Press: ? - help, Shift-Dir - straight line, f - kobold
Aim: a kobold, wielding a +0 short sword You throw a curare-tipped dart.
The curare-tipped dart closely misses the kobold.
The hobgoblin hits you with a +0 club.
* * * LOW HITPOINT WARNING * * *
The kobold hits you but does no damage.
Throwing (i - inventory. (/) - cycle)
e - a curare-tipped dart (quivered)
Press: ? - help, Shift-Dir - straight line, f/p - kobold
Aim: a kobold, wielding a +0 short sword You throw a curare-tipped dart.
The curare-tipped dart hits the kobold.
The kobold is poisoned.
The kobold convulses.
You kill the kobold!
The hobgoblin hits you with a +0 club.
You die...

.....................
..............(.........
........................
$............####.......
.............# #.......
g............# ##......
.............#####.....#
........(.)............#
......?@g...............
...##+######............
#. #............
####.######............
#......................
#......#....##.........
.......#g..(##.........
.......#....###........
.......#K...# #.....##.


You could see 2 hobgoblins.

Vanquished Creatures
  A gnoll (D:1)
  A goblin (D:1)
  2 bats (D:1)
  A frilled lizard (D:1)
  4 kobolds (D:1)
9 creatures vanquished.

Notes
Turn   | Place    | Note
-------+----------+-------------------------------------------
     0 | D:1      | Revguard the Formicid Assassin began the quest for the Orb.
     0 | D:1      | Reached XP level 1. HP: 16/16 MP: 1/1
    35 | D:1      | Reached skill level 5 in Stealth
    35 | D:1      | Reached XP level 2. HP: 23/23 MP: 2/2
   171 | D:1      | HP: 1/23 [hobgoblin/+0 club (4)]
   172 | D:1      | Slain by a hobgoblin

Illustrated notes

Levels and vault maps discovered:
D:1:      dpeg_arrival_tiny_a, layout_basic

Skill      XL: |  1 |
---------------+----+-----
Stealth        | 5 |  5.4
Fighting       | |  2.3
Short Blades   | |  2.0
Throwing       | |  2.1
Dodging        | |  0.9

Action                   || total
-------------------------++-------
Melee: Dagger            ||    22
Throw: Dart              ||     2
 Stab: Sleeping          ||     3
Armor: Robe              ||     5
Dodge: Dodged            ||    16
